 Dungeon Crawl Stone Soup version 0.32-a0-558-g233958a4c4 (webtiles) character file.

Game seed: 4183506394547051536

11 protoss039 the Digger (level 2, 17/19 HPs)
             Began as a Demonspawn Earth Elementalist on Mar 1, 2024.
             Got out of the dungeon alive.
             The game lasted 00:01:02 (239 turns).

protoss039 the Digger (DsEE)                         Turns: 239, Time: 00:01:03

Health: 17/19      AC:  3    Str:  8    XL:     2   Next: 17%
Magic:  5/5        EV: 11    Int: 15    God:
Gold:   0          SH:  0    Dex: 13    Spells: 4/5 levels left

rFire   . . .        c - +0 dagger
rCold   . . .        (no shield)
rNeg    . . .        d - +0 leather armour
rPois   .            (no helmet)
rElec   .            (no cloak)
rCorr   .            (no gloves)
SInv    .            (no boots)
Will    .....        (no amulet)
Stlth   ++           (no ring)
HPRegen 0.23/turn    (no ring)
MPRegen 0.09/turn

%: no passive effects
@: no status effects
A: demonic guardian 1
a: no special abilities


You escaped.
You visited 1 branch of the dungeon, and saw 1 of its levels.

Inventory:

Hand Weapons
 c - a +0 dagger (weapon)
 e - a +0 club
Armour
 a - a +0 robe
 d - a +0 leather armour (worn)
Potions
 b - a potion of magic


   Skills:
 + Level 0.2 Fighting
 - Level 1.9 Dodging
 - Level 1.9 Stealth
 - Level 2.1 Spellcasting
 + Level 1.3 Conjurations
 + Level 2.8 Earth Magic


You had 4 spell levels left.
You knew the following spells:

 Your Spells              Type           Power      Damage    Failure   Level
a - Sandblast             Erth           20%        2d7       10%         1

Your spell library contained the following spells:

 Spells                   Type           Power      Damage    Failure   Level
 Passwall                 Erth           10%        N/A       30%         3
 Stone Arrow              Conj/Erth      14%        3d7       38%         3
 Brom's Barrelling Bould  Conj/Erth      7%         2d3       80%         4
 Petrify                  Alch/Erth      5%         N/A       87%         4


Dungeon Overview and Level Annotations

Branches:
Dungeon (1/15) Zot: 5756

Altars:


Innate Abilities, Weirdness & Mutations

A weak demonic guardian rushes to your aid.


Message History

You closely miss the goblin. The goblin hits you with a +0 club.
Your magical contamination has completely faded away.
You hit the goblin.
The goblin is moderately wounded.
The frilled lizard closely misses you. The goblin barely misses you.
You miss the frilled lizard.
The frilled lizard bites you but does no damage.
You barely miss the frilled lizard.
The frilled lizard bites you but does no damage.
You miss the frilled lizard. The frilled lizard bites you.
A demonic guardian appears!
You are too injured to fight recklessly!
Unknown command.
You are too injured to fight recklessly!
Unknown command.
You are too injured to fight recklessly!
Unknown command.
Your white imp barely misses the frilled lizard.
You are too injured to fight recklessly!
Your white imp closely misses the frilled lizard.
You hit the frilled lizard but do no damage.
The frilled lizard barely misses you.
Your white imp misses the frilled lizard.
You hit the goblin.
The goblin is moderately wounded.
The frilled lizard bites you. The goblin closely misses you.
Your white imp gestures at the frilled lizard.
The puff of frost hits the frilled lizard!
The frilled lizard dies!
You closely miss the goblin.
The goblin is moderately wounded.
The goblin closely misses you.
Your white imp gestures at the goblin.
The puff of frost hits the goblin!
The goblin dies!
No target in view!
Your white imp disappears in a puff of smoke!
There is an open door here.
There is a staircase leading out of the dungeon here.
You have escaped!

..#.#############
..#.#...........#
..#.............#
..###...........#
### #...........#
#...........#
####.######## #.#
######
#.#######@...#
#.##>§§≈'....+
#.#######.ßß.#
#.......#.)..# ..
###..#..##'###....
##...........#
##......###.#
#####......#
#.)..###


There were no monsters in sight!

Vanquished Creatures
  A ball python (D:1)
  An endoplasm (D:1)
  2 goblins (D:1)
  A quokka (D:1)
  A frilled lizard (D:1)
  2 kobolds (D:1)
  A rat (D:1)
9 creatures vanquished.

Vanquished Creatures (collateral kills)
  A goblin (D:1)
  A frilled lizard (D:1)
2 creatures vanquished.

Grand Total: 11 creatures vanquished

Notes
Turn   | Place    | Note
-------+----------+-------------------------------------------
     0 | D:1      | protoss039 the Demonspawn Earth Elementalist began the
                  | quest for the Orb.
     0 | D:1      | Reached XP level 1. HP: 13/13 MP: 3/3
   184 | D:1      | Gained mutation: A weak demonic guardian rushes to your
                  | aid. [demonic ancestry]
   184 | D:1      | Reached XP level 2. HP: 19/19 MP: 0/5
   239 | D:$      | Got out of the dungeon alive.

Illustrated notes

Levels and vault maps discovered:
D:1:      sevenhm_arrival_forest_fort_small_6, layout_basic,
          amcnicky_mini_pool_small

Action                     || total
---------------------------++-------
  Melee: Unarmed           ||     8
         Dagger            ||    15
   Cast: Sandblast         ||    11
 Armour: Robe              ||    12
         Leather armour    ||    10
  Dodge: Dodged            ||    19

Table legend: (Time is in decaauts)
 A = Elapsed time spent in this place.
 B = Non-inter-level travel time spent in this place.
 C = Inter-level travel time spent in this place.
 D = Time resting spent in this place.
 E = Time spent auto-exploring this place.
 F = Levels seen in this place.
 G = Mean time per level.
                   A        B        C        D        E       F      G
               +--------+--------+--------+--------+--------+-----+--------+
         Total |    244 |    217 |     27 |     77 |     40 |   1 |  244.0 |
       Dungeon |    244 |    217 |     27 |     77 |     40 |   1 |  244.0 |
               +--------+--------+--------+--------+--------+-----+--------+

Top non-repeatable levels by time:
     D:1: 244 daAuts
